 Dungeon Crawl Stone Soup version 0.27-a0-1278-g6cbc8dfb29 (webtiles) character file.

Game seed: 5690098637891190809

417 Zdeegee the Stinger (level 6, -19/41 HPs)
             Began as a Demonspawn Venom Mage on June 13, 2021.
             Blown up by a goblin (28 damage)
             ... with a mindburst bolt
             ... on level 4 of the Dungeon.
             The game lasted 00:14:09 (5267 turns).

Zdeegee the Stinger (Demonspawn Venom Mage)         Turns: 5267, Time: 00:14:10

Health: -19/41     AC:  9    Str:  9    XL:     6   Next: 61%
Magic:  7/11       EV: 13    Int: 18    God:
Gold:   200        SH:  0    Dex: 19    Spells: 3/12 levels left

rFire    . . .     SeeInvis .   o - +0 dagger (venom)
rCold    + . .     Faith    .   (no shield)
rNeg     . . .     Spirit   .   a - +0 robe
rPois    .         Reflect  .   (no helmet)
rElec    .         Harm     .   r - +0 cloak
rCorr    .         Rampage  .   (no gloves)
Will     .....                  (no boots)
Stlth    ++........             (no amulet)
HPRegen  0.13/turn              h - +6 ring of dexterity
MPRegen  0.12/turn              k - ring of protection from cold

@: sanguine armoured
A: talons 1, sanguine armour 1
a: no special abilities


You were on level 4 of the Dungeon.
You visited 1 branch of the dungeon, and saw 4 of its levels.

You collected 200 gold pieces.

Inventory:

Hand Weapons
 c - a +0 club
 o - a +0 dagger of venom (weapon)
Missiles
 f - 22 sling bullets
 i - 7 poisoned darts
Armour
 a - a +0 robe (worn)
 r - a +0 cloak (worn)
Jewellery
 h - a +6 ring of dexterity (left hand)
 k - a ring of protection from cold (right hand)
Wands
 m - a wand of polymorph (12)
 n - a wand of charming (6)
 u - a wand of flame (10)
Scrolls
 b - a scroll of teleportation
 d - a scroll of immolation {unknown}
 j - 2 scrolls of identify
 l - a scroll of enchant weapon {unknown}
 p - a scroll of silence {unknown}
 t - a scroll of blinking {unknown}
Potions
 e - 2 potions of might
 g - 3 potions of attraction {unknown}
 q - 2 potions of flight {unknown}
 s - a potion of ambrosia {unknown}


   Skills:
 + Level 0.2 Fighting
 + Level 0.1 Short Blades
 + Level 0.2 Maces & Flails
 * Level 1.9 Armour
 * Level 2.9 Dodging
 + Level 2.2 Stealth
 + Level 0.3 Unarmed Combat
 * Level 3.5 Spellcasting
 + Level 1.1 Transmutations
 + Level 0.1 Fire Magic
 + Level 0.7 Air Magic
 * Level 5.0 Poison Magic


You had 3 spell levels left.
You knew the following spells:

 Your Spells              Type           Power      Damage    Failure   Level
a - Sting                 Tmut/Pois      56%        1d5       4%          1
b - Poisonous Vapours     Pois/Air       26%        N/A       7%          2
c - Ignite Poison         Fire/Tmut/Pois 10%        N/A       19%         3
d - Mephitic Cloud        Conj/Pois/Air  10%        N/A       22%         3

Your spell library contained the following spells:

 Spells                   Type           Power      Damage    Failure   Level
 Olgreb's Toxic Radiance  Pois           21%        N/A       21%         4


Dungeon Overview and Level Annotations

Branches:
Dungeon (4/15)
 Temple: D:4-7

Altars:
Okawaru


Innate Abilities, Weirdness & Mutations

You have sharp toenails.
When seriously injured, your bleeding wounds create armour. (AC +6)


Message History

You now have 200 gold pieces (gained 9).
There is a stone staircase leading down here.
m - a wand of polymorph (12) (gained 6 charges)
g - 3 smoky pink potions (gained 1)
Things that are here:
a +0 club; a +0 club
Found 9 arrows.
A goblin comes into view.
It is wielding a +0 dagger and carrying a wand of mindburst (12).
Casting: Ignite Poison (quite dangerous; 19% risk of failure)
Confirm with . or Enter, or press ? or * to list all spells.
Aiming: Poisonous Vapours (safe; 7% risk of failure)
Press: ? - help, Dir - move target, f - goblin
Aim: a goblin, wielding a +0 dagger and carrying a wand of mindburst (12) (wandering, hasn't noticed you) Poisonous vapours surround the goblin!
The goblin shouts!
The goblin is engulfed in poison gas.
The goblin is poisoned.
Unknown command.
Casting: Poisonous Vapours (safe; 7% risk of failure)
Confirm with . or Enter, or press ? or * to list all spells.
You don't know that spell.
Unknown command.
A goblin is nearby!
The goblin zaps a wand.
Your mind is blasted!
The goblin zaps a wand.
Your mind is blasted!
Ouch! That really hurt!
* * * LOW HITPOINT WARNING * * *
Your blood congeals into armour.
You are too injured to fight recklessly!
You are too injured to fight recklessly!
You are too injured to fight recklessly!
You are too injured to fight recklessly!
Casting: Poisonous Vapours (safe; 7% risk of failure)
Confirm with . or Enter, or press ? or * to list all spells.
Aiming: Poisonous Vapours (safe; 7% risk of failure)
Press: ? - help, Dir - move target, f/p - goblin
Aim: a goblin, wielding a +0 dagger and carrying a wand of mindburst (10) (heavily wounded, poisoned) Poisonous vapours surround the goblin!
The goblin looks even sicker.
The goblin zaps a wand.
Your mind is blasted!
Ouch! That really hurt!
You die...

#########
####.......## ###
#....#####..## #..
#.@.8.###.8..# #.#
#..#.8.#.8.#.# #.#
#..##.8.8.##.# #.#
#..###(8.###.####.#
.g.##.8.8.##.......
....#.8.#.8.#..###..
......8.###.8..####..
.......# ##.......).
.... ....######..


You could see a goblin (very poisoned).

Vanquished Creatures
  A steam dragon (D:3)
  Crazy Yiuf (D:2)
  An iguana (D:3)
  Ijyb (D:4)
  An orc wizard (D:3)
  5 gnolls (D:4)
  A howler monkey skeleton (D:4)
  3 adders
  A worm (D:2)
  A dart slug (D:4)
  6 orcs (D:3)
  5 ball pythons
  14 endoplasms
  3 giant cockroaches (D:1)
  6 hobgoblins
  11 jackals
  3 quokkas
  4 bats (D:1)
  3 frilled lizards
  6 goblins
  4 kobolds
  7 rats
88 creatures vanquished.

Notes
Turn   | Place    | Note
-------+----------+-------------------------------------------
     0 | D:1      | Zdeegee the Demonspawn Venom Mage began the quest for the
                  | Orb.
     0 | D:1      | Reached XP level 1. HP: 13/13 MP: 3/3
   324 | D:1      | Gained mutation: You have sharp toenails. [demonic
                  | ancestry]
   324 | D:1      | Reached XP level 2. HP: 19/19 MP: 1/5
   327 | D:1      | Learned a level 2 spell: Poisonous Vapours
  1162 | D:1      | Gained mutation: When seriously injured, your bleeding
                  | wounds create armour. (AC +6) [demonic ancestry]
  1162 | D:1      | Reached XP level 3. HP: 24/24 MP: 3/6
  1873 | D:2      | Learned a level 3 spell: Ignite Poison
  2214 | D:2      | Found a runed translucent door.
  2215 | D:2      | Noticed Crazy Yiuf
  2418 | D:2      | Reached XP level 4. HP: 30/30 MP: 0/7
  3380 | D:2      | Killed Crazy Yiuf
  3381 | D:2      | Reached skill level 1 in Transmutations
  3569 | D:3      | Reached skill level 1 in Armour
  3569 | D:3      | Reached XP level 5. HP: 16/35 MP: 0/9
  3774 | D:3      | Learned a level 3 spell: Mephitic Cloud
  4196 | D:3      | Found a faded altar of an unknown god.
  4267 | D:3      | Noticed an ice beast
  4269 | D:3      | Noticed a steam dragon
  4269 | D:3      | an ice beast changed into a steam dragon
  4273 | D:3      | Killed a steam dragon
  4274 | D:3      | Reached skill level 4 in Poison Magic
  4274 | D:3      | Reached XP level 6. HP: 28/41 MP: 2/10
  4747 | D:4      | Found an iron altar of Okawaru.
  5131 | D:4      | Noticed Ijyb
  5135 | D:4      | Killed Ijyb
  5136 | D:4      | Reached skill level 5 in Poison Magic
  5267 | D:4      | Blown up by a goblin

Illustrated notes

Levels and vault maps discovered:
D:1:      lemuel_arrival_rhombus, layout_basic, minmay_tromino_i4
D:2:      minmay_spotlight, layout_loops_ring, minmay_hedge_maze,
          minmay_split_cup_large, uniq_crazy_yiuf_cottage
D:3:      layout_loops_ring, basic_ecumenical_altar, kennysheep_cross_bottleneck
D:4:      layout_basic, bloody_trog, amcnicky_altar_gilded, minmay_circle_x,
          uniq_ijyb

Skill      XL: |  1  2  3  4  5  6 |
---------------+-------------------+-----
Dodging        | 2 |  2.9
Stealth        | 2 |  2.2
Transmutations | 1 |  1.1
Armour         | 1 |  1.9
Spellcasting   | 3 |  3.5
Poison Magic   | 4 5 |  5.0
Fighting       | |  0.2
Short Blades   | |  0.1
Maces & Flails | |  0.2
Unarmed Combat | |  0.3
Fire Magic     | |  0.1
Air Magic      | |  0.7

Action                   |  1- 3 |  4- 6 || total
-------------------------+-------+-------++-------
Melee: Unarmed           |     5 |       ||     5
       Club              |    48 |    12 ||    60
       Kick              |     8 |    13 ||    21
       Dagger            |       |    28 ||    28
       Punch             |       |     1 ||     1
 Cast: Sting             |    29 |     9 ||    38
       Poisonous Vapours |    31 |    34 ||    65
       Ignite Poison     |       |    11 ||    11
Evoke: Wand              |       |     1 ||     1
  Use: Scroll            |       |     4 ||     4
Armor: Robe              |    10 |    12 ||    22
Dodge: Dodged            |    43 |    28 ||    71

Table legend: (Time is in decaauts)
 A = Elapsed time spent in this place.
 B = Non-inter-level travel time spent in this place.
 C = Inter-level travel time spent in this place.
 D = Time resting spent in this place.
 E = Time spent auto-exploring this place.
 F = Levels seen in this place.
 G = Mean time per level.
                   A        B        C        D        E       F      G
               +--------+--------+--------+--------+--------+-----+--------+
         Total |   5284 |   5165 |    119 |    720 |   3749 |   4 | 1321.0 |
       Dungeon |   5284 |   5165 |    119 |    720 |   3749 |   4 | 1321.0 |
               +--------+--------+--------+--------+--------+-----+--------+

Top non-repeatable levels by time:
     D:1: 1814 daAuts
     D:2: 1682 daAuts
     D:3: 1356 daAuts
     D:4: 430 daAuts
